 Dungeon Crawl Stone Soup version 0.31.0-11-ge490571c62 (webtiles) character file.

Game seed: 17859077900729079331

21 Rassilon the Trooper (level 2, -4/24 HPs)
             Began as a Demonspawn Monk on Jan 30, 2024.
             Slain by Jessica
             ... wielding a +9 club
              (14 damage)
             ... on level 2 of the Dungeon.
             The game lasted 00:02:21 (1001 turns).

Rassilon the Trooper (Demonspawn Monk)              Turns: 1001, Time: 00:02:22

Health: -4/24      AC:  2    Str: 11    XL:     2   Next: 65%
Magic:  2/2        EV: 13    Int: 10    God:
Gold:   62         SH:  0    Dex: 15    Spells: 1/1 levels left

rFire   . . .        h - +0 hand axe (freeze)
rCold   . . .        c - orb {light}
rNeg    . . .        a - +0 robe
rPois   .            (no helmet)
rElec   .            (no cloak)
rCorr   .            (no gloves)
SInv    .            (no boots)
Will    .....        (no amulet)
Stlth   +            (no ring)
HPRegen 0.24/turn    (no ring)
MPRegen 0.08/turn

%: no passive effects
@: slowed, glowing, very slow
A: sturdy frame 1
a: no special abilities


You were on level 2 of the Dungeon.
You visited 1 branch of the dungeon, and saw 3 of its levels.

You collected 62 gold pieces.

Inventory:

Hand Weapons
 h - a +0 hand axe of freezing (weapon)
Armour
 a - a +0 robe (worn)
 c - an orb of light (worn)
Scrolls
 d - a scroll of identify {unknown}
 f - a scroll of teleportation {unknown}
 k - a scroll of amnesia {unknown}
Potions
 b - a potion of ambrosia
 e - a potion of magic {unknown}
 g - a potion of enlightenment {unknown}
 i - a potion of degeneration {unknown}
 j - a potion of attraction {unknown}


   Skills:
 + Level 3.4 Fighting
 + Level 3.0 Dodging
 + Level 3.0 Unarmed Combat


You had one spell level left.
You didn't know any spells.
Your spell library was empty.

Dungeon Overview and Level Annotations

Branches:
Dungeon (3/15)

Altars:

Shops:
D:1 =

Annotations:
D:2 Jessica


Innate Abilities, Weirdness & Mutations

Your movements are slightly less encumbered by armour. (ER -2)


Message History

A rat comes into view.
The rat squeaks loudly.
The rat twitches its whiskers.
The rat barely misses you.
You slash the rat! You freeze the rat.
You kill the rat!
Found a club.
An endoplasm comes into view.
Found a stone staircase leading down.
The endoplasm moves out of view.
An endoplasm is nearby!
The endoplasm quivers.
You hit the endoplasm. You freeze the endoplasm.
The endoplasm is heavily wounded.
The endoplasm hits you but does no damage.
You hit the endoplasm. You freeze the endoplasm.
You kill the endoplasm!
A frilled lizard comes into view.
The frilled lizard hisses angrily.
Jessica the Apprentice Sorceress comes into view.
She is wielding a +9 club and wearing a +1 robe of fire resistance.
Jessica shouts!
You hear an angry hiss.
Jessica mumbles some strange words.
Jessica seems to speed up.
The frilled lizard closely misses you.
You hit the frilled lizard. You freeze the frilled lizard.
You kill the frilled lizard!
Jessica shouts, "You're disturbing me!
I'll have to kill you!"
You hit Jessica. You freeze Jessica.
Jessica is moderately wounded.
Jessica hits you with a +9 club!
A frilled lizard comes into view.
Jessica closely misses you.
The frilled lizard hisses angrily.
You hit Jessica. You freeze Jessica.
Jessica is almost dead.
Jessica hits you with a +9 club.
You barely miss Jessica.
Jessica is almost dead.
Jessica points at you and mumbles some strange words.
You feel yourself slow down. Jessica hits you with a +9 club!
Ouch! That really hurt!
You die...

#.##.###..# #.##.. ..#
#.##......# #.##.##
#.####....# #.#...#
#.######..# #. ...# #...#
#..# .....## ###.# #..#
.#... ###.####..###...l.
...............#@#
.#...###..######@#
......##..######.#
.................# #
......#########..####....
.#...## #........# .##.##
##.####### . #.# #.# .
#.# ##########.#########
. #.#
#........#..........


You could see Jessica (fast) and a frilled lizard.

Vanquished Creatures
  A ball python (D:1)
  4 endoplasms
  2 giant cockroaches
  2 goblins
  A hobgoblin (D:3)
  A quokka (D:2)
  2 frilled lizards
  2 kobolds
  4 rats
19 creatures vanquished.

Notes
Turn   | Place    | Note
-------+----------+-------------------------------------------
     0 | D:1      | Rassilon the Demonspawn Monk began the quest for the Orb.
     0 | D:1      | Reached XP level 1. HP: 18/18 MP: 1/1
   358 | D:1      | Found Liul's Jewellery Boutique.
   381 | D:1      | Gained mutation: Your movements are slightly less
                  | encumbered by armour. (ER -2) [demonic ancestry]
   381 | D:1      | Reached XP level 2. HP: 15/24 MP: 2/2
   895 | D:2      | You fall into a shaft and drop 1 floor!
   995 | D:2      | Noticed Jessica
  1001 | D:2      | Slain by Jessica

Illustrated notes

Levels and vault maps discovered:
D:1:      lordsloth_arrival_two_stooges, layout_basic, serial_shops, shop,
          minmay_misc_feat_room
D:2:      layout_loops_ring, minmay_cut_off, uniq_jessica, uniq_terence
D:3:      layout_loops_ring, uniq_robin

Skill      XL: |  1  2 |
---------------+-------+-----
Dodging        | 3 |  3.0
Unarmed Combat | 3 |  3.0
Fighting       | |  3.4

Action                     || total
---------------------------++-------
  Melee: Unarmed           ||    11
         Hand axe          ||    35
 Armour: Robe              ||    18
  Dodge: Dodged            ||    18
